 Dungeon Crawl Stone Soup version 0.30-a0-778-g2ef04afb54 (webtiles) character file.

Game seed: 175096338991625758

535 Dirtsage the Chopper (level 7, 52/52 HPs)
             Began as a Demonspawn Fighter on Feb 14, 2023.
             Was an Initiate of Makhleb.
             Quit the game on level 4 of the Dungeon on Feb 16, 2023.
             The game lasted 00:06:01 (3278 turns).

Dirtsage the Chopper (Demonspawn Fighter)           Turns: 3278, Time: 00:06:01

Health: 52/52      AC:  8    Str: 18    XL:     7   Next: 4%
Magic:  7/7        EV:  9    Int:  9    God:    Makhleb [......]
Gold:   217        SH:  4    Dex: 13    Spells: 6/6 levels left

rFire   . . .      SeeInvis .    a - +0 war axe
rCold   . . .      Faith    .    c - +0 buckler
rNeg    . . .      Spirit   .    b - +0 scale mail
rPois   .          Reflect  .    l - +0 hat
rElec   .          Harm     .    (no cloak)
rCorr   .          Rampage  .    (no gloves)
Will    .....                    (no boots) Stlth
                                 (no amulet)
HPRegen 0.28/turn                (no ring)
MPRegen 0.10/turn                (no ring)

@: no status effects
A: antennae 1, slimy green scales 1, powered by pain 2, demonic magic 1
a: Renounce Religion


You were on level 4 of the Dungeon.
You worshipped Makhleb.
Makhleb was noncommittal.
You visited 2 branches of the dungeon, and saw 5 of its levels.

You collected 217 gold pieces.

Inventory:

Hand Weapons
 a - a +0 war axe (weapon)
Missiles
 v - 4 throwing nets (quivered)
Armour
 b - a +0 scale mail (worn)
 c - a +0 buckler (worn)
 l - a +0 hat (worn)
Jewellery
 p - a ring of flight
 w - a +6 ring of intelligence
Wands
 D - a wand of digging (2)
Scrolls
 e - a scroll of fear {unknown}
 g - a scroll of acquirement {unknown}
 h - 5 scrolls of identify {unknown}
 i - a scroll of torment {unknown}
 j - a scroll of amnesia {unknown}
 k - a scroll of butterflies {unknown}
 m - 2 scrolls of teleportation {unknown}
 q - a scroll of noise {unknown}
 r - a scroll of enchant weapon {unknown}
 t - a scroll of vulnerability {unknown}
 u - 2 scrolls of blinking {unknown}
Potions
 d - a potion of might
 f - 2 potions of mutation {unknown}
 n - 2 potions of lignification
 o - a potion of brilliance
 s - a potion of degeneration {unknown}


   Skills:
 - Level 3.0 Fighting
 + Level 7.1 Axes
 - Level 2.6 Armour
 - Level 2.6 Shields


You had 6 spell levels left.
You didn't know any spells.
Your spell library contained the following spells:

 Spells                   Type           Power      Damage    Failure   Level
 Blink                    Tloc           0%         N/A       95%         2
 Lesser Beckoning         Tloc           0%         N/A       95%         2
 Momentum Strike          Conj/Tloc      0%         3d8       95%         2
 Hailstorm                Conj/Ice       0%         3d3       99%         3
 Ice Form                 Ice/Tmut       0%         N/A       100%        4
 Freezing Cloud           Conj/Ice/Air   0%         6-21      100%        5
 Simulacrum               Ice/Necr       0%         N/A       100%        6
 Polar Vortex             Ice            0%         N/A       100%        9


Dungeon Overview and Level Annotations

Branches:
Dungeon (4/15)             Temple (1/1) D:4

Altars:
Ashenzari
Dithmenos
Fedhas
Gozag
Hepliaklqana
Kikubaaqudgha
Makhleb
Nemelex Xobeh
Okawaru
Qazlal
Sif Muna
Trog
Uskayaw
Vehumet
Wu Jian
Yredelemnul

Shops:
D:1 =   D:2 [


Innate Abilities, Weirdness & Mutations

You have a pair of small antennae on your head.
You are partially covered in slimy green scales. (AC +2)
You sometimes gain power by taking damage.
Spells you cast may paralyse adjacent enemies.


Message History

You see here a scorpion corpse.
A bullfrog comes into view.
The bullfrog gives a loud, deep croak!
The bullfrog hits you.
The bullfrog hits you but does no damage.
You take 6 damage, and have 41/47 hp.
You closely miss the bullfrog.
The bullfrog hits you but does no damage.
You block the bullfrog's attack.
You slash the bullfrog!
The bullfrog is severely wounded.
You block the bullfrog's attack.
You barely miss the bullfrog.
The bullfrog is severely wounded.
The bullfrog hits you.
The bullfrog hits you but does no damage.
You hit the bullfrog.
The bullfrog is almost dead.
The bullfrog hits you. You block the bullfrog's attack.
You take 1 damage, and have 40/47 hp.
You hit the bullfrog.
You kill the bullfrog!
Makhleb accepts your kill.
Your Axes skill increases to level 7!
You have reached level 7!
Your demonic ancestry asserts itself...
A menacing aura infuses your magic.
You regained 5 hp, and now have 45/52 hp.
MP restored: 7
There is a stone staircase leading down here.
Done exploring.
Health restored: 52 Done exploring.
Done exploring.
No target in view!
Welcome back, Dirtsage the Demonspawn Fighter.
Blood and souls for Makhleb!
Press ? for a list of commands and other information.
Done exploring.
Are you sure you want to abandon this character and quit the game? (Confirm with "yes".)

############ #### # #..........#
#... # #..........# #.## #
#..........# #.#< #
####..........########### #.## #
#..................##...# #.#
####...................#...###.##
...).............................
#####...........@##....#...###.#.
.................##....#...# #.#.
.................##....##### #.#.
....[............##....# #.#.
....(#####.......##....# #.#.
.....# #.......####### #.#.
.....# ######### #.#. .....# #.#.
...).# #.##


There were no monsters in sight!

Vanquished Creatures
  A black bear (D:4)
  A bullfrog (D:4)
  2 scorpions (D:4)
  A hound (D:4)
  Jessica (D:3)
  An iguana (D:4)
  An orc wizard (D:4)
  5 adders
  4 gnolls (D:4)
  5 dart slugs
  4 orcs
  5 endoplasms
  2 giant cockroaches (D:1)
  6 goblins
  6 hobgoblins
  2 quokkas
  11 ball pythons
  6 bats
  2 frilled lizards (D:2)
  8 kobolds
  3 rats
77 creatures vanquished.

Notes
Turn   | Place    | Note
-------+----------+-------------------------------------------
     0 | D:1      | Dirtsage the Demonspawn Fighter began the quest for the
                  | Orb.
     0 | D:1      | Reached XP level 1. HP: 18/18 MP: 1/1
    62 | D:1      | Reached skill level 2 in Axes
   117 | D:1      | Gained mutation: You have a pair of small antennae on your
                  | head. [demonic ancestry]
   117 | D:1      | Reached XP level 2. HP: 24/24 MP: 2/2
   163 | D:1      | Found Hutholotz's Jewellery Shop.
   256 | D:1      | You fall into a shaft and drop 1 floor!
   263 | D:2      | Found Ycvatug's Antique Armour Shoppe.
   297 | D:2      | Reached skill level 3 in Axes
   297 | D:2      | Gained mutation: You sometimes gain a little power by
                  | taking damage. [demonic ancestry]
   297 | D:2      | Reached XP level 3. HP: 10/29 MP: 3/3
  1357 | D:3      | Found an opulent altar of Gozag.
  1473 | D:3      | Gained mutation: You are partially covered in slimy green
                  | scales. (AC +2) [demonic ancestry]
  1473 | D:3      | Reached XP level 4. HP: 32/35 MP: 4/4
  1477 | D:3      | Reached skill level 4 in Axes
  1556 | D:3      | Noticed Jessica
  1561 | D:3      | Killed Jessica
  1658 | D:3      | Found a faded altar of an unknown god.
  1726 | D:3      | Found a hazy altar of Hepliaklqana.
  1730 | D:3      | Found an iron altar of Okawaru.
  2053 | D:4      | Noticed a black bear
  2068 | D:4      | Killed a black bear
  2069 | D:4      | Reached skill level 5 in Axes
  2069 | D:4      | Reached XP level 5. HP: 39/41 MP: 5/5
  2315 | D:4      | HP: 1/41 [poisoned by a scorpion]
  2323 | D:4      | Reached skill level 6 in Axes
  2323 | D:4      | Gained mutation: You sometimes gain power by taking damage.
                  | [demonic ancestry]
  2323 | D:4      | Reached XP level 6. HP: 4/47 MP: 6/6
  2326 | D:4      | HP: 3/70 [poisoned by a scorpion]
  2403 | D:4      | Found a staircase to the Ecumenical Temple.
  2415 | Temple   | Entered the Ecumenical Temple
  2534 | Temple   | Became a worshipper of Makhleb the Destroyer
  3090 | D:4      | Reached skill level 7 in Axes
  3090 | D:4      | Gained mutation: Spells you cast may paralyse adjacent
                  | enemies. [demonic ancestry]
  3090 | D:4      | Reached XP level 7. HP: 45/52 MP: 7/7
  3278 | D:4      | Upgraded the game from 0.30-a0-777-ga9a30cbeda to
                  | 0.30-a0-778-g2ef04afb54
  3278 | D:4      | Quit the game

Illustrated notes

Levels and vault maps discovered:
D:1:      heliophobic_arrival_ceremonial_halls, layout_rooms, serial_shops, shop
D:2:      layout_loops_ring, serial_shops, shop
D:3:      layout_loops_ring, nicolae_gozag_seed_capital,
          nicolae_overflow_squiral, hellmonk_ecumenical_altar_run_dry,
          uniq_jessica
D:4:      layout_basic, temple_statues
Temple:   compressed_dpeg_triangle_lava_temple

Skill      XL: |  1  2  3  4  5  6 |
---------------+-------------------+-----
Axes           | 2 3 5 6 7 |  7.1
Fighting       | |  3.0
Armour         | |  2.6
Shields        | |  2.6

Action                     |  1- 3 |  4- 6 |  7- 9 || total
---------------------------+-------+-------+-------++-------
  Melee: War axe           |    93 |   141 |       ||   234
    Use: Potion            |       |     5 |       ||     5
 Armour: Scale mail        |    55 |    56 |       ||   111
  Dodge: Dodged            |    48 |    69 |       ||   117
  Block: Buckler           |    26 |    28 |       ||    54

Table legend: (Time is in decaauts)
 A = Elapsed time spent in this place.
 B = Non-inter-level travel time spent in this place.
 C = Inter-level travel time spent in this place.
 D = Time resting spent in this place.
 E = Time spent auto-exploring this place.
 F = Levels seen in this place.
 G = Mean time per level.
                   A        B        C        D        E       F      G
               +--------+--------+--------+--------+--------+-----+--------+
         Total |   3352 |   3268 |     84 |     49 |   2619 |   5 |  670.4 |
       Dungeon |   3222 |   3147 |     75 |     49 |   2512 |   4 |  805.5 |
        Temple |    129 |    120 |      9 |      0 |    107 |   1 |  129.0 |
               +--------+--------+--------+--------+--------+-----+--------+

Top non-repeatable levels by time:
     D:4: 1175 daAuts
     D:3: 841 daAuts
     D:2: 738 daAuts
     D:1: 467 daAuts
  Temple: 129 daAuts
